 Dungeon Crawl Stone Soup version 0.29-a0-472-ge5599a681e (webtiles) character file.

Game seed: 14786805596738336779

10 joe1234567 the Covered (level 2, -1/24 HPs)
             Began as a Human Fighter on May 22, 2022.
             Was a Follower of Wu Jian.
             Slain by a hobgoblin (2 damage)
             ... on level 1 of the Dungeon.
             The game lasted 00:01:08 (211 turns).

joe1234567 the Covered (Human Fighter)               Turns: 211, Time: 00:01:08

Health: -1/24      AC:  6    Str: 16    XL:     2   Next: 30%
Magic:  2/2        EV:  8    Int:  8    God:    Wu Jian [*.....]
Gold:   9          SH:  4    Dex: 12    Spells: 1/1 levels left

rFire   . . .      SeeInvis .   a - +0 long sword
rCold   . . .      Faith    .   c - +0 buckler
rNeg    . . .      Spirit   .   b - +0 scale mail
rPois   .          Reflect  .   (no helmet)
rElec   .          Harm     .   (no cloak)
rCorr   .          Rampage  .   (no gloves)
Will    .....                   (no boots)
Stlth   ..........              (no amulet)
HPRegen 0.08/turn               (no ring)
MPRegen 0.08/turn               (no ring)

@: no status effects
A: no striking features
a: Renounce Religion


You were on level 1 of the Dungeon.
You worshipped Wu Jian.
Wu Jian was aware of your devotion.
You visited 1 branch of the dungeon, and saw 1 of its levels.

You collected 9 gold pieces.

Inventory:

Hand Weapons
 a - a +0 long sword (weapon)
Armour
 b - a +0 scale mail (worn)
 c - a +0 buckler (worn)
Scrolls
 g - 2 scrolls of teleportation {unknown}
Potions
 d - a potion of might
 e - a potion of lignification {unknown}
 f - a potion of mutation {unknown}
 h - 2 potions of attraction {unknown}


   Skills:
 + Level 3.0 Fighting
 + Level 2.0 Long Blades
 + Level 3.3 Armour
 + Level 3.2 Shields


You had one spell level left.
You didn't know any spells.
Your spell library contained the following spells:

 Spells                   Type           Power      Damage    Failure   Level
 Cause Fear               Hex            0%         N/A       100%        4
 Dragon Form              Tmut           0%         N/A       100%        7
 Dragon's Call            Summ           0%         N/A       100%        9


Dungeon Overview and Level Annotations

Branches:
Dungeon (1/15)

Altars:
Wu Jian


Message History

You spin and attack the hobgoblin.
You barely miss the hobgoblin.
You spin to attack the endoplasm, but your attack speed is too slow for a blow to land.
The endoplasm hits you but does no damage.
You block the hobgoblin's attack. The goblin completely misses you.
You closely miss the goblin. The endoplasm freezes you.
You are frozen.
The hobgoblin hits you. You block the goblin's attack.
You hit the goblin but do no damage. You block the hobgoblin's attack.
The goblin hits you with a +0 club. The endoplasm hits you.
The endoplasm freezes you.
You are frozen.
The hobgoblin barely misses you. The goblin hits you but does no damage.
You closely miss the goblin. The endoplasm barely misses you.
The hobgoblin hits you but does no damage.
The goblin barely misses you.
You slash the goblin!
You kill the goblin!
The Council accepts your kill. The endoplasm freezes you.
You are frozen.
The hobgoblin hits you but does no damage.
Found a short sword.
You spin to attack the hobgoblin, but your attack speed is too slow for a blow to land.
The hobgoblin hits you.
You see here a +0 club.
The hobgoblin attacks as you move away! The hobgoblin hits you.
You hit the endoplasm.
The endoplasm is lightly wounded.
You block the endoplasm's attack.
The hobgoblin hits you but does no damage.
You hit the endoplasm.
The endoplasm is almost dead.
You block the hobgoblin's attack. The endoplasm freezes you.
You are frozen.
* * * LOW HITPOINT WARNING * * *
The endoplasm hits you.
* * * LOW HITPOINT WARNING * * *
The hobgoblin hits you.
You die...

###### ##....# ######
⌠.....# ########....#
......# #...........#
)._.⌠.# #.....[...# ##
†.....###......g.##...#
⌠.⌠.⌠..........J@...#
.#......#....(.##.#.#
......###.......#.).
......# #.........##.#
......# ######....# #
......# ####... †.....#
#### ......## .......#


You could see an endoplasm and a hobgoblin.

Vanquished Creatures
  An endoplasm (D:1)
  A giant cockroach (D:1)
  2 goblins (D:1)
  A kobold (D:1)
  3 ball pythons (D:1)
  A rat (D:1)
9 creatures vanquished.

Notes
Turn   | Place    | Note
-------+----------+-------------------------------------------
     0 | D:1      | joe1234567 the Human Fighter began the quest for the Orb.
     0 | D:1      | Reached XP level 1. HP: 18/18 MP: 1/1
    32 | D:1      | Found a faded altar of an unknown god.
    78 | D:1      | Reached XP level 2. HP: 22/24 MP: 2/2
    96 | D:1      | Prayed at the altar of an unknown god.
    96 | D:1      | Became a worshipper of the Wu Jian Council
    96 | D:1      | Reached * piety under Wu Jian
   211 | D:1      | HP: 1/24 [endoplasm (3)]
   211 | D:1      | Slain by a hobgoblin

Illustrated notes

Levels and vault maps discovered:
D:1:      lemuel_arrival_hallway, layout_rooms, serial_shops,
          nicolae_shop_temple_entry_statues_fountains,
          hellmonk_ecumenical_altar_run_dry, minmay_misc_feat_room,
          minmay_tromino_v4_c

Action                   || total
-------------------------++-------
Melee: Long sword        ||    21
Invok: Lunge             ||     1
       Whirlwind         ||     1
Armor: Scale mail        ||    11
Dodge: Dodged            ||     9
Block: Buckler           ||    10

Table legend: (Time is in decaauts)
 A = Elapsed time spent in this place.
 B = Non-inter-level travel time spent in this place.
 C = Inter-level travel time spent in this place.
 D = Time resting spent in this place.
 E = Time spent auto-exploring this place.
 F = Levels seen in this place.
 G = Mean time per level.
                   A        B        C        D        E       F      G
               +--------+--------+--------+--------+--------+-----+--------+
         Total |    216 |    216 |      0 |      0 |      0 |   1 |  216.0 |
       Dungeon |    216 |    216 |      0 |      0 |      0 |   1 |  216.0 |
               +--------+--------+--------+--------+--------+-----+--------+

Top non-repeatable levels by time:
     D:1: 216 daAuts
